[Event "Titled Tuesday Blitz June 29 2021"]
[White "jcibarra"]
[Black "ZverevLev"]
[WhiteElo "2828"]
[BlackElo "2545"]
[Result "1-0"]
[Round "02"]
[TimeControl "180+1"]
[Date "2021.06.29"]
[WhiteClock "0:00:15"]
[BlackClock "0:00:10"]

1. Nf3 Nf6 2. g3 e6 3. Bg2 d5 4. c4 Be7 5. b3 O-O 6. O-O c5 7. cxd5 exd5 8. d4 cxd4 9. Nxd4 Nc6 10. Bb2 Ne4 11. Nd2 Nxd4 12. Bxd4 Bf5 13. f3 Nf6 14. a3 Rc8 15. b4 Nd7 16. Ra2 Bf6 17. Nb3 b6 18. Rd2 Qe7 19. Kh1 Rc4 20. Re1 Rfc8 21. e4 dxe4 22. fxe4 Be6 23. Bxf6 Nxf6 24. Nd4 Bg4 25. Qb3 Rc1 26. Qe3 R8c3 27. Qg1 Rxe1 28. Qxe1 Qc7 29. Nb5 Rc1 30. Nxc7 Rxe1+ 31. Bf1 h5 32. Kg2 Nxe4 33. Rd8+ Kh7 34. Bd3 Bf5 35. Nd5 Rd1 36. Ne3 Rd2+ 37. Kg1 Bg6 38. Rd5 Nc3 39. Bxg6+ Kxg6 40. Rxd2 Kf6 41. Nd5+ 1-0


[Site "https://www.chess.com"]

[Event "Titled Tuesday Blitz June 29 2021"]
[White "kingofthenil"]
[Black "GOGIEFF"]
[WhiteElo "2594"]
[BlackElo "2981"]
[Result "0-1"]
[Round "02"]
[TimeControl "180+1"]
[Date "2021.06.29"]
[WhiteClock "0:00:05"]
[BlackClock "0:00:48"]

1. e4 c5 2. d3 Nc6 3. g3 g6 4. Bg2 Bg7 5. f4 d6 6. Nf3 Nf6 7. O-O O-O 8. Nc3 Rb8 9. h3 b5 10. g4 b4 11. Ne2 a5 12. Be3 Ba6 13. Rb1 c4 14. b3 cxd3 15. cxd3 Nd7 16. d4 e5 17. Rf2 Qb6 18. Qd2 exd4 19. Nexd4 Nxd4 20. Nxd4 Nc5 21. e5 Bb7 22. exd6 Bxg2 23. Rxg2 Qxd6 24. Rd1 Ne4 25. Qd3 Nc3 26. Nf5 Qc7 27. Nxg7 Rfd8 28. Bd4 Nxd1 29. Nh5 Qb6 0-1


[Site "https://www.chess.com"]

[Event "Titled Tuesday Blitz June 29 2021"]
[White "louis198"]
[Black "GigaQuparadze"]
[WhiteElo "2589"]
[BlackElo "2951"]
[Result "0-1"]
[Round "02"]
[TimeControl "180+1"]
[Date "2021.06.29"]
[WhiteClock "0:00:40"]
[BlackClock "0:01:57"]

1. d4 Nf6 2. c4 e6 3. Nc3 Bb4 4. Qb3 c5 5. e3 Nc6 6. Bd3 cxd4 7. exd4 O-O 8. Ne2 d5 9. O-O dxc4 10. Bxc4 Be7 11. Rd1 Na5 12. Qa4 a6 13. Bd3 b5 14. Qc2 Bb7 15. a3 Rc8 16. Bg5 h6 17. Bh4 Nd5 18. Bxe7 Qxe7 19. Ng3 Nxc3 20. bxc3 Rc7 21. Qb2 Rfc8 22. Rac1 Nc4 23. Bxc4 Rxc4 24. f3 Ra4 25. Ra1 Qc7 26. Ne2 Bd5 27. Rd2 Qa5 28. h3 Qc7 29. Qc1 Bc4 30. Qe1 Bxe2 31. Qxe2 Qxc3 32. Raa2 Rxa3 33. Rac2 Qa1+ 34. Kh2 Rxc2 35. Rxc2 Qxd4 36. Rc8+ Kh7 37. Qc2+ f5 0-1


[Site "https://www.chess.com"]

[Event "Titled Tuesday Blitz June 29 2021"]
[White "nrvisakh"]
[Black "RedbaronCanada"]
[WhiteElo "2855"]
[BlackElo "2558"]
[Result "1-0"]
[Round "02"]
[TimeControl "180+1"]
[Date "2021.06.29"]
[WhiteClock "0:00:09"]
[BlackClock "0:00:04"]

1. e4 c6 2. Nf3 d5 3. d3 dxe4 4. dxe4 Qxd1+ 5. Kxd1 Bg4 6. Be2 Nd7 7. c3 e5 8. Be3 f6 9. Nbd2 Bc5 10. Bxc5 Nxc5 11. Ne1 Bxe2+ 12. Kxe2 O-O-O 13. f3 Ne7 14. Nb3 Ne6 15. Nd3 b6 16. a4 a5 17. Nd2 Kc7 18. Nc4 Ng6 19. g3 Ra8 20. Rhf1 Rhd8 21. f4 exf4 22. gxf4 Ne7 23. f5 Ng5 24. Nf2 Re8 25. h4 Nf7 26. Kf3 g6 27. Ng4 gxf5 28. Nxf6 fxe4+ 29. Kxe4 Rh8 30. Rad1 Rad8 31. Rxd8 Nxd8 32. Rd1 Nd5 33. Nxd5+ cxd5+ 34. Rxd5 Ne6 35. b4 axb4 36. cxb4 Ra8 37. a5 bxa5 38. bxa5 Re8 39. Kf3 Rf8+ 40. Ke3 Nf4 41. Rc5+ Kb8 42. Ke4 Ng2 43. h5 h6 44. Ne5 Rf4+ 45. Kd5 Rf5 46. Kc6 Ka7 47. Kb5 Ka8 48. a6 Ne3 49. Rc8+ Ka7 50. Rc7+ Kb8 51. Rc5 Ka7 52. Nc6+ Ka8 53. Rxf5 Nxf5 54. Kb6 Ng3 55. Nb4 Nxh5 56. Nd5 Ng7 57. Nc7+ Kb8 58. a7+ Kc8 59. a8=Q+ Kd7 60. Qd5+ 1-0


[Site "https://www.chess.com"]

[Event "Titled Tuesday Blitz June 29 2021"]
[White "switlave"]
[Black "ChessLover0108"]
[WhiteElo "2558"]
[BlackElo "2848"]
[Result "0-1"]
[Round "02"]
[TimeControl "180+1"]
[Date "2021.06.29"]
[WhiteClock "0:00:34"]
[BlackClock "0:01:45"]

1. d4 g6 2. Bf4 Bg7 3. e3 c5 4. c3 cxd4 5. exd4 d6 6. Nf3 Nc6 7. Nbd2 e5 8. Bg3 Nge7 9. dxe5 dxe5 10. Nc4 Qxd1+ 11. Rxd1 Nf5 12. Nfxe5 O-O 13. Nxc6 bxc6 14. Nd6 Nxd6 15. Bxd6 Re8+ 16. Kd2 Rd8 17. Kc1 Bh6+ 18. Kc2 Bf5+ 19. Kb3 Bf8 0-1


[Site "https://www.chess.com"]

[Event "Titled Tuesday Blitz June 29 2021"]
[White "AlexPapasimakopoulos"]
[Black "Duhless"]
[WhiteElo "2666"]
[BlackElo "3062"]
[Result "0-1"]
[Round "03"]
[TimeControl "180+1"]
[Date "2021.06.29"]
[WhiteClock "0:00:08"]
[BlackClock "0:00:08"]

1. d4 Nf6 2. c4 e6 3. Nc3 Bb4 4. Qc2 b6 5. a3 Bxc3+ 6. Qxc3 Bb7 7. Bg5 h6 8. Bh4 g5 9. Bg3 Ne4 10. Qc2 h5 11. f3 Nxg3 12. hxg3 c5 13. dxc5 bxc5 14. Qc3 f6 15. g4 h4 16. Nh3 Rg8 17. O-O-O Nc6 18. e3 Qe7 19. Nf2 Ne5 20. Bd3 Nxd3+ 21. Nxd3 d6 22. e4 a5 23. a4 Bc6 24. b3 Kf7 25. g3 hxg3 26. Rdg1 Rh8 27. Rxh8 Rxh8 28. Qxa5 Qb7 29. Qc3 Rh3 30. Ne1 d5 31. exd5 exd5 32. cxd5 Bxd5 33. Kb2 Rh2+ 34. Ka3 Re2 35. Rxg3 Rxe1 36. Rh3 Qb4+ 37. Qxb4 cxb4+ 38. Kxb4 Re3 39. a5 Rxb3+ 40. Kc5 Rxf3 41. Rh7+ Kg6 42. Rd7 Be4 43. Rd4 Rf4 44. a6 Bg2 45. Rd2 Rxg4 46. a7 Ra4 47. Kb6 Bf3 48. Rd3 g4 0-1


[Site "https://www.chess.com"]

[Event "Titled Tuesday Blitz June 29 2021"]
[White "Alexander_Donchenko"]
[Black "elcandado"]
[WhiteElo "2836"]
[BlackElo "2607"]
[Result "1-0"]
[Round "03"]
[TimeControl "180+1"]
[Date "2021.06.29"]
[WhiteClock "0:00:44"]
[BlackClock "0:00:04"]

1. Nf3 Nf6 2. g3 d5 3. Bg2 Bf5 4. O-O e6 5. Nh4 Bg4 6. h3 Bh5 7. Qe1 Be7 8. d3 O-O 9. e4 Nc6 10. f4 Nd4 11. Rf2 Ne8 12. Nf3 Bxf3 13. Bxf3 Bc5 14. Be3 Nxf3+ 15. Rxf3 Bxe3+ 16. Rxe3 dxe4 17. dxe4 Qd4 18. c3 Qb6 19. Qf2 Nd6 20. Na3 Rfd8 21. Rd1 f5 22. exf5 exf5 23. Red3 Re8 24. Qxb6 axb6 25. Kf2 Re4 26. Re1 Rae8 27. Rxe4 Rxe4 28. Nc2 Kf7 29. Ne3 Ke6 30. Kf3 c6 31. Rxd6+ Kxd6 32. Nxf5+ Kd5 33. Ne3+ Rxe3+ 34. Kxe3 b5 35. Kd3 c5 36. b3 c4+ 37. Ke3 g6 38. b4 b6 39. g4 h6 40. Kf3 g5 41. f5 Ke5 42. Ke3 Kd5 43. Kd2 Ke5 44. Kc2 h5 45. Kb2 h4 46. a3 Kd5 47. a4 bxa4 48. b5 Kc5 49. Ka3 Kd5 50. Kxa4 Kc5 51. Ka3 Kd6 52. Kb4 Kd5 53. f6 Ke6 54. Kxc4 Kxf6 55. Kd5 1-0


[Site "https://www.chess.com"]

[Event "Titled Tuesday Blitz June 29 2021"]
[White "Alexander_Zubov"]
[Black "RobertoJBM"]
[WhiteElo "3001"]
[BlackElo "2665"]
[Result "1-0"]
[Round "03"]
[TimeControl "180+1"]
[Date "2021.06.29"]
[WhiteClock "0:00:23"]
[BlackClock "0:00:26"]

1. d4 d5 2. c4 c6 3. Nf3 Nf6 4. Qb3 g6 5. Bf4 Bg7 6. e3 O-O 7. Nc3 Qb6 8. Qa3 Re8 9. h3 h6 10. Be2 Be6 11. c5 Qd8 12. O-O Nbd7 13. b4 a6 14. Bd3 Bf5 15. Bxf5 gxf5 16. Qb2 e6 17. a4 Ne4 18. Ne2 Qf6 19. Qc2 Ra7 20. Rab1 Rea8 21. Bh2 Qd8 22. Nf4 Ng5 23. Nd2 Nf6 24. f3 Nd7 25. Nd3 Qe8 26. Rfe1 Nh7 27. Nb3 Nhf6 28. Nf4 Qe7 29. Kh1 Kh8 30. Rg1 Rg8 31. Na5 Rga8 32. Rbe1 Qd8 33. Nd3 Nf8 34. g4 fxg4 35. hxg4 Ng6 36. Bg3 h5 37. Qh2 h4 38. Bxh4 Nxh4 39. Qxh4+ Kg8 40. Rg2 Nd7 41. Qg3 Qb8 42. Qh3 Nf8 43. f4 Qc7 44. Rc1 Rc8 45. Rgc2 Qe7 46. Kg2 Rc7 47. g5 Ra8 48. Rh1 Re8 49. Ne5 f6 50. gxf6 Qxf6 51. Kf3 Qf5 52. Qxf5 exf5 53. Rg2 Ne6 54. Rh5 Rf8 55. Rg6 Re7 56. Nxb7 Nxd4+ 57. exd4 Rxb7 58. Nxc6 Rc8 59. Rxf5 Kh7 60. Rd6 Bf8 61. Rh5+ Kg7 62. Rdh6 Kf7 63. Ne5+ Ke8 64. Rh8 Rxb4 65. Rxf8+ Kxf8 66. Rh8+ 1-0


[Site "https://www.chess.com"]

[Event "Titled Tuesday Blitz June 29 2021"]
[White "AnotherGrumpy"]
[Black "Arseniy_Nesterov"]
[WhiteElo "2553"]
[BlackElo "2819"]
[Result "1/2-1/2"]
[Round "03"]
[TimeControl "180+1"]
[Date "2021.06.29"]
[WhiteClock "0:00:12"]
[BlackClock "0:00:14"]

1. d4 d5 2. c4 e6 3. Nf3 Nf6 4. Nc3 c5 5. cxd5 exd5 6. Bg5 Be6 7. g3 Nc6 8. Bg2 h6 9. Bf4 cxd4 10. Nxd4 Bc5 11. Nxc6 bxc6 12. O-O O-O 13. Rc1 Bb6 14. Na4 Bd7 15. Bd6 Re8 16. Ba3 Ne4 17. e3 Qg5 18. Nc5 Bg4 19. Nxe4 Rxe4 20. Qc2 Re6 21. b3 h5 22. h4 Qh6 23. Bc5 g5 24. f3 Bxc5 25. Qxc5 Bf5 26. e4 Bg6 27. exd5 cxd5 28. Qxd5 Rae8 29. hxg5 Qg7 30. f4 Be4 31. Bxe4 Rxe4 32. Rc7 Re3 33. Kg2 Re2+ 34. Kh3 Rxa2 35. Qf5 Qg6 36. Qxg6+ fxg6 37. Rc6 Ree2 38. Rh1 Kf7 39. f5 gxf5 40. Rf6+ Kg7 41. Rxf5 Kg6 42. Rc5 a5 43. Rb5 Reb2 44. Rb6+ Kxg5 45. Rb5+ Kg6 46. g4 hxg4+ 47. Kxg4 Rg2+ 48. Kf4 Raf2+ 49. Ke3 Rb2 50. Rh8 Rg3+ 51. Kf4 Rgxb3 52. Rg5+ Kf6 53. Rh6+ Kf7 54. Rxa5 Rb4+ 55. Ke3 R2b3+ 56. Kd2 Rb2+ 57. Kc1 Rb1+ 58. Kc2 R1b2+ 59. Kc3 R2b3+ 60. Kc2 Rb2+ 61. Kc1 Rb1+ 62. Kc2 R1b2+ 1/2-1/2


[Site "https://www.chess.com"]

[Event "Titled Tuesday Blitz June 29 2021"]
[White "AryanTari"]
[Black "Carnivoras"]
[WhiteElo "2964"]
[BlackElo "2649"]
[Result "1-0"]
[Round "03"]
[TimeControl "180+1"]
[Date "2021.06.29"]
[WhiteClock "0:00:20"]
[BlackClock "0:00:06"]

1. d4 d5 2. Nf3 Nf6 3. Bf4 Bf5 4. c4 e6 5. Qb3 Qc8 6. e3 c6 7. Be2 Be7 8. h3 O-O 9. O-O Nbd7 10. Rc1 Nb6 11. Nbd2 Ne4 12. a4 Nxd2 13. Nxd2 dxc4 14. Nxc4 Nxc4 15. Bxc4 a5 16. d5 exd5 17. Bxd5 Qd7 18. Bc4 Bb4 19. Qd1 Rfd8 20. Qf3 Be6 21. Rd1 Qe8 22. Qe4 Bxc4 23. Qxc4 Rxd1+ 24. Rxd1 Rd8 25. Rd4 h6 26. g4 Rxd4 27. Qxd4 c5 28. Qd5 Qxa4 29. Qxb7 Qd1+ 30. Kg2 a4 31. Be5 Qb3 32. Qc8+ Kh7 33. Qf5+ Kg8 34. Qc8+ Kh7 35. Qf5+ Kg8 36. Qe4 Qe6 37. f4 Qb3 38. g5 hxg5 39. fxg5 Qe6 40. Qa8+ Kh7 41. Bf4 a3 42. bxa3 Qa2+ 43. Kg3 Qxa3 44. Qe4+ g6 45. Be5 Bc3 46. Qh4+ 1-0


[Site "https://www.chess.com"]

[Event "Titled Tuesday Blitz June 29 2021"]
[White "ChessLover0108"]
[Black "elextranjero00"]
[WhiteElo "2851"]
[BlackElo "2611"]
[Result "0-1"]
[Round "03"]
[TimeControl "180+1"]
[Date "2021.06.29"]
[WhiteClock "0:00:13"]
[BlackClock "0:00:12"]

1. d4 Nf6 2. c4 e6 3. Nc3 Bb4 4. Bd2 O-O 5. Qc2 d5 6. Nf3 c5 7. cxd5 cxd4 8. Nxd4 Nxd5 9. Nxd5 Bxd2+ 10. Qxd2 Qxd5 11. e3 Nc6 12. Nxc6 Qxc6 13. Rc1 Qb6 14. Bd3 Rd8 15. Qc2 h6 16. O-O Bd7 17. Rfd1 Rac8 18. Qe2 Rxc1 19. Rxc1 Bc6 20. Rc3 Qb4 21. a3 Qa5 22. f3 Qe5 23. h3 g6 24. Kf2 Kg7 25. e4 Qd4+ 26. Qe3 e5 27. Qxd4 Rxd4 28. Ke3 g5 29. g3 Rd6 30. b4 a6 31. Rc5 f6 32. Bc2 Kf8 33. a4 b6 34. Rc3 Ke7 35. Bb3 Kd7 36. h4 Rd4 37. Rd3 Rxd3+ 38. Kxd3 Kd6 39. Ke3 a5 40. b5 Bd7 41. Kd3 Kc5 42. Kc3 Be8 43. Bd1 Bd7 44. Be2 Be8 45. Bc4 Bd7 46. Bd5 Be8 47. hxg5 hxg5 48. Be6 Bg6 49. Bg4 Bf7 50. Bd7 Bg8 51. Be8 Be6 52. g4 Bc4 53. Bg6 Be2 54. Bf5 Bxf3 55. Kb3 Bd1+ 56. Ka3 Kd4 57. Kb2 Bxa4 58. Bd7 Bd1 59. Bc6 Bf3 60. Bd7 Bxe4 61. Be6 Bd5 62. Kc2 Bxe6 63. Kd2 Bxg4 64. Ke1 Bd7 65. Kf2 Bxb5 66. Kg3 Bc6 67. Kg4 b5 68. Kf5 b4 69. Kg6 a4 70. Kf5 b3 71. Ke6 b2 72. Kf5 a3 73. Ke6 a2 74. Kf5 b1=Q+ 75. Ke6 Qb3+ 76. Ke7 a1=Q 77. Kf8 Qa8+ 78. Kg7 Qbb7+ 79. Kg6 Qg8+ 80. Kf5 Be4+ 81. Kg4 Qd7+ 82. Kg3 Qb3+ 83. Kf2 Qf5+ 0-1


[Site "https://www.chess.com"]

[Event "Titled Tuesday Blitz June 29 2021"]
[White "DeTimmerman"]
[Black "PolandHussars"]
[WhiteElo "2791"]
[BlackElo "2551"]
[Result "1-0"]
[Round "03"]
[TimeControl "180+1"]
[Date "2021.06.29"]
[WhiteClock "0:01:36"]
[BlackClock "0:01:02"]

1. b4 d5 2. Bb2 Bg4 3. Nf3 Nd7 4. b5 e6 5. a4 Ngf6 6. e3 Bd6 7. c4 O-O 8. Be2 Re8 9. cxd5 exd5 10. O-O a6 11. Nc3 axb5 12. axb5 Rxa1 13. Qxa1 Nc5 14. h3 Bh5 15. Nd4 Bxe2 16. Ncxe2 Nd3 17. Nf5 Nxb2 18. Qxb2 Be5 19. d4 Bd6 20. Nxd6 Qxd6 21. Ra1 Ne4 22. Nc3 Nf6 23. Qb3 h5 24. Ra7 Qb6 25. Qa3 c6 26. bxc6 Qxc6 27. Qb3 Rc8 28. Ne2 Rc7 29. Nf4 g6 30. Nd3 Ne4 31. Ra1 Qc3 32. Qxc3 Rxc3 33. Nb4 Rc2 34. Nxc2 1-0


[Site "https://www.chess.com"]

[Event "Titled Tuesday Blitz June 29 2021"]
[White "GM_dmitrij"]
[Black "Aemulus20"]
[WhiteElo "2905"]
[BlackElo "2622"]
[Result "1-0"]
[Round "03"]
[TimeControl "180+1"]
[Date "2021.06.29"]
[WhiteClock "0:01:37"]
[BlackClock "0:00:38"]

1. Nf3 c5 2. e4 d6 3. c3 Nf6 4. Be2 g6 5. O-O Bg7 6. Bb5+ Bd7 7. Bxd7+ Qxd7 8. Re1 Nc6 9. d4 cxd4 10. cxd4 d5 11. e5 Ne4 12. Nc3 Nxc3 13. bxc3 e6 14. Bf4 Rc8 15. h4 Na5 16. Rc1 Nc4 17. h5 b6 18. Nh2 Bf8 19. Ng4 Be7 20. Qf3 gxh5 21. Nh6 h4 22. Qh5 Ba3 23. Rc2 Rc7 24. Bg5 Qa4 25. Rce2 Qa5 26. Qf3 Bf8 27. Qf6 Bxh6 28. Qd8# 1-0


[Site "https://www.chess.com"]

[Event "Titled Tuesday Blitz June 29 2021"]
[White "GOGIEFF"]
[Black "Aborigen_came"]
[WhiteElo "2983"]
[BlackElo "2658"]
[Result "1-0"]
[Round "03"]
[TimeControl "180+1"]
[Date "2021.06.29"]
[WhiteClock "0:00:20"]
[BlackClock "0:00:07"]

1. d4 Nc6 2. Nf3 d6 3. c4 e5 4. Nc3 Nf6 5. d5 Nb8 6. e4 Be7 7. Be2 Bg4 8. O-O O-O 9. Be3 Ne8 10. Nd2 Bxe2 11. Qxe2 Bg5 12. c5 Bxe3 13. Qxe3 dxc5 14. Qxc5 Nd7 15. Qb4 Nd6 16. Rac1 a5 17. Qa3 b5 18. Nd1 Nb6 19. Ne3 f5 20. exf5 Nxf5 21. Nxf5 Rxf5 22. Qd3 Rf4 23. Qxb5 Qxd5 24. Qxd5+ Nxd5 25. Rfe1 Nb4 26. Rxc7 Nd3 27. Re3 Nxf2 28. Rxe5 Rd8 29. Nf3 Nd3 30. Ree7 Rg4 31. h3 Rg6 32. Nh4 Rg5 33. Nf3 Rg6 34. Ne5 Nxe5 35. Rxe5 h6 36. Rc2 Ra8 37. a4 Rb6 38. Rb5 Rxb5 39. axb5 a4 40. Rc4 a3 41. bxa3 Rxa3 42. Rb4 Kf7 43. b6 Ra8 44. b7 Rb8 45. Kf2 Ke7 46. Kf3 Kd7 47. Kf4 Kc7 48. Kf5 Rf8+ 49. Kg6 Kb8 50. Kxg7 Rf2 51. g4 Rh2 52. Rb3 1-0


[Site "https://www.chess.com"]

[Event "Titled Tuesday Blitz June 29 2021"]
[White "Gabrielian_Artur"]
[Black "OhanyanEminChess"]
[WhiteElo "2823"]
[BlackElo "2566"]
[Result "0-1"]
[Round "03"]
[TimeControl "180+1"]
[Date "2021.06.29"]
[WhiteClock "0:00:14"]
[BlackClock "0:00:02"]

1. e4 e5 2. Nc3 Nf6 3. g3 d5 4. exd5 Nxd5 5. Bg2 Nxc3 6. bxc3 Bd6 7. Nf3 O-O 8. O-O Nc6 9. Re1 Re8 10. d4 exd4 11. Rxe8+ Qxe8 12. cxd4 Bg4 13. h3 Bh5 14. Rb1 b6 15. Rb3 Rd8 16. Re3 Qf8 17. c3 Na5 18. Qe2 Bg6 19. Ne5 c5 20. Nxg6 hxg6 21. d5 Nb7 22. c4 Bb8 23. Bb2 Nd6 24. h4 Nf5 25. Re4 Bd6 26. h5 Nd4 27. Bxd4 cxd4 28. hxg6 fxg6 29. Bh3 Qf6 30. Be6+ Kf8 31. Rh4 Qe5 32. Qf3+ Qf6 33. Qe4 Ke7 34. Kg2 Rf8 35. f4 Kd8 36. Rg4 d3 37. Qxd3 Qb2+ 38. Kf3 Qa1 39. Rxg6 Qh1+ 40. Ke2 Qg2+ 41. Kd1 Rh8 42. Qe2 Rh1+ 43. Kd2 Bb4+ 44. Kd3 Qg1 45. Rg5 Qb1+ 46. Ke3 Bc5+ 47. Kf3 Re1 48. Qd2 Rf1+ 49. Kg4 Rf2 50. Qc3 Qd1+ 51. Kf5 Qb1+ 52. Kg4 Qd1+ 53. Kh3 Rf1 54. g4 Rh1+ 55. Kg3 Qg1+ 56. Kf3 Qf2+ 57. Ke4 Qe2+ 58. Kf5 Rh8 59. Rxg7 Rf8+ 60. Kg6 Qe4+ 61. f5 Qxg4+ 62. Kh6 Rh8+ 63. Rh7 Bf8+ 0-1


[Site "https://www.chess.com"]

[Event "Titled Tuesday Blitz June 29 2021"]
[White "GianmarcoVaR"]
[Black "Hikaru"]
[WhiteElo "2676"]
[BlackElo "3162"]
[Result "0-1"]
[Round "03"]
[TimeControl "180+1"]
[Date "2021.06.29"]
[WhiteClock "0:00:01"]
[BlackClock "0:00:45"]

1. d4 g6 2. e4 Bg7 3. c3 c6 4. Nf3 d5 5. Bd3 Bg4 6. Nbd2 e6 7. Qb3 Qb6 8. Ne5 Bh5 9. h3 f6 10. Nef3 g5 11. e5 Qxb3 12. axb3 fxe5 13. dxe5 h6 14. g4 Bf7 15. h4 gxh4 16. Nf1 Nd7 17. Bf4 Ne7 18. Rxh4 Bg6 19. Be2 c5 20. Ng3 Nc6 21. Bb5 O-O 22. Bxc6 bxc6 23. Nh5 Bxh5 24. gxh5 Rf5 25. Rg4 Kh7 26. O-O-O Raf8 27. Rdg1 R8f7 28. Nh4 Rxf4 0-1


[Site "https://www.chess.com"]

[Event "Titled Tuesday Blitz June 29 2021"]
[White "GigaQuparadze"]
[Black "GMG"]
[WhiteElo "2953"]
[BlackElo "2630"]
[Result "1-0"]
[Round "03"]
[TimeControl "180+1"]
[Date "2021.06.29"]
[WhiteClock "0:01:41"]
[BlackClock "0:00:38"]

1. e4 e6 2. d4 d5 3. Nd2 a6 4. Ngf3 c5 5. c3 cxd4 6. cxd4 dxe4 7. Nxe4 Nd7 8. Bd3 Ngf6 9. O-O Nxe4 10. Bxe4 Nf6 11. Bg5 Be7 12. Bc2 Nd5 13. h4 h6 14. Bxe7 Qxe7 15. Bb3 Qd6 16. Re1 O-O 17. Re5 Bd7 18. Bxd5 exd5 19. Qb3 Bc6 20. Rae1 Rfe8 21. Rxe8+ Rxe8 22. Rxe8+ Bxe8 23. Qxb7 Bb5 24. Qc8+ Kh7 25. Qf5+ Kg8 26. Ne5 Qe7 27. h5 Be8 28. Qc8 Kh7 29. Qxa6 f6 30. Qd3+ Kg8 31. Ng6 Qe1+ 32. Qf1 Qd2 33. b4 Qxb4 34. Qe2 Bxg6 35. hxg6 Qb1+ 36. Kh2 Qxg6 37. Qe6+ Kh8 38. Qxd5 Qc2 39. f3 Qd2 40. Qa8+ Kh7 41. Qe4+ Kg8 42. a4 Kf7 43. d5 h5 44. Qe6+ Kg6 45. d6 Qf4+ 46. Kh3 Qc1 47. d7 Qh1+ 48. Kg3 h4+ 49. Kf2 Qd1 50. Qe8+ 1-0


[Site "https://www.chess.com"]

[Event "Titled Tuesday Blitz June 29 2021"]
[White "Grischuk"]
[Black "731291"]
[WhiteElo "3083"]
[BlackElo "2667"]
[Result "1-0"]
[Round "03"]
[TimeControl "180+1"]
[Date "2021.06.29"]
[WhiteClock "0:00:07"]
[BlackClock "0:00:03"]

1. e4 c5 2. Nf3 e6 3. b3 d6 4. d4 cxd4 5. Nxd4 Nf6 6. Bd3 Be7 7. c4 O-O 8. O-O a6 9. Nc3 b6 10. Bb2 Bb7 11. Qe2 Nbd7 12. Rae1 Re8 13. Kh1 Bf8 14. f4 g6 15. Nf3 Bg7 16. Ng5 h6 17. Nf3 Qc7 18. Bb1 Rac8 19. Qf2 Qc5 20. Qe2 Qc7 21. Rd1 Nh5 22. Qd2 b5 23. Qxd6 Red8 24. Qxc7 Rxc7 25. Ne5 bxc4 26. Nxc4 Rb8 27. Na4 Bxb2 28. Naxb2 Nc5 29. Nd6 Bc6 30. Kg1 Bb5 31. Nxb5 axb5 32. g3 Nf6 33. Rfe1 Rbc8 34. Kg2 Kg7 35. Kf3 g5 36. Re2 Na6 37. Nd3 Rc3 38. Re3 g4+ 39. Ke2 Nc5 40. Ne5 Rxe3+ 41. Kxe3 h5 42. Rc1 Rc7 43. b4 Na6 44. Rxc7 Nxc7 45. Bd3 h4 46. Be2 hxg3 47. hxg3 Nh5 48. Kf2 f5 49. exf5 exf5 50. a3 Nf6 51. Bd3 Ne4+ 52. Bxe4 fxe4 53. Ke3 Nd5+ 54. Kxe4 Nc3+ 55. Kd3 Nb1 56. Nxg4 Nxa3 57. Ne3 Kf6 58. g4 Ke6 59. g5 Nb1 60. f5+ Ke5 61. g6 Kf6 62. Nd5+ Kxf5 63. Nc3 1-0


[Site "https://www.chess.com"]

[Event "Titled Tuesday Blitz June 29 2021"]
[White "Iskusnyh"]
[Black "Jospem"]
[WhiteElo "2630"]
[BlackElo "2953"]
[Result "0-1"]
[Round "03"]
[TimeControl "180+1"]
[Date "2021.06.29"]
[WhiteClock "0:00:01"]
[BlackClock "0:00:07"]

1. d4 Nf6 2. c4 e6 3. g3 Bb4+ 4. Bd2 Qe7 5. Bg2 O-O 6. e3 Bxd2+ 7. Qxd2 d6 8. Nc3 e5 9. Nge2 c6 10. h3 h5 11. O-O Re8 12. Rae1 Nbd7 13. f4 e4 14. d5 Nc5 15. dxc6 bxc6 16. Rd1 Rd8 17. b4 Na6 18. a3 Be6 19. Nd4 Rac8 20. Qe2 Bd7 21. Nb3 Nc7 22. Na5 Rb8 23. Qd2 d5 24. cxd5 Ncxd5 25. Nxd5 cxd5 26. Qd4 Bb5 27. Rf2 a6 28. Rc2 Rbc8 29. Rdc1 Qd7 30. Rc5 Kh7 31. Kh2 Rxc5 32. Rxc5 Qe6 33. Qe5 Re8 34. Qxe6 fxe6 35. Nb3 Bc4 36. Nd4 e5 37. fxe5 Nd7 38. Rc7 Nxe5 39. Nf5 Nf3+ 40. Kh1 Kg6 41. g4 hxg4 42. hxg4 Kf6 0-1


[Site "https://www.chess.com"]

[Event "Titled Tuesday Blitz June 29 2021"]
[White "JiaHaoxiang"]
[Black "ChessWarrior7197"]
[WhiteElo "2651"]
[BlackElo "2981"]
[Result "0-1"]
[Round "03"]
[TimeControl "180+1"]
[Date "2021.06.29"]
[WhiteClock "0:00:12"]
[BlackClock "0:00:35"]

1. Nf3 Nf6 2. b3 d5 3. Bb2 Bg4 4. Ne5 Bh5 5. g3 e6 6. Bg2 Nbd7 7. c4 c6 8. O-O Nxe5 9. Bxe5 Bd6 10. Bb2 O-O 11. d3 Nd7 12. Qd2 Bg6 13. Nc3 Bb4 14. a3 Be7 15. cxd5 exd5 16. b4 Bf6 17. Na4 Re8 18. Rfe1 h5 19. Rac1 h4 20. Nc5 Nxc5 21. Bxf6 Qxf6 22. bxc5 Re7 23. e3 Rae8 24. Bf1 Bh5 25. Qb4 g5 26. Bh3 Bf3 27. Qc3 Qxc3 28. Rxc3 d4 29. Rb3 dxe3 30. Rxe3 Rxe3 31. fxe3 hxg3 32. hxg3 Bd5 33. Rb2 Rxe3 34. Bf1 Rxg3+ 35. Kh2 Rf3 36. Bg2 Rxd3 37. Bxd5 Rxd5 38. Rxb7 a5 39. Kg3 Rxc5 40. Kg4 Kg7 41. Ra7 Kg6 42. Ra6 Rc3 43. Rxa5 f5+ 44. Rxf5 Rc4+ 0-1


[Site "https://www.chess.com"]

[Event "Titled Tuesday Blitz June 29 2021"]
[White "NateSolon"]
[Black "DenLaz"]
[WhiteElo "2616"]
[BlackElo "2858"]
[Result "1/2-1/2"]
[Round "03"]
[TimeControl "180+1"]
[Date "2021.06.29"]
[WhiteClock "0:00:14"]
[BlackClock "0:00:08"]

1. d4 Nf6 2. c4 e6 3. g3 d5 4. Bg2 Be7 5. Nf3 O-O 6. O-O dxc4 7. Qc2 a6 8. a4 Bd7 9. Qxc4 Bc6 10. Bg5 Nbd7 11. Nc3 h6 12. Bxf6 Nxf6 13. Rfd1 a5 14. Qb3 Bb4 15. Ne5 Bxg2 16. Kxg2 Rb8 17. Na2 Be7 18. e3 Qd5+ 19. Qxd5 exd5 20. Rdc1 c6 21. Rab1 Ra8 22. Rc2 Rfe8 23. b4 axb4 24. Nxb4 Rxa4 25. Nbd3 Ra7 26. Rcb2 Ne4 27. Rxb7 Ra2 28. R1b2 Rxb2 29. Nxb2 c5 30. Nbd3 cxd4 31. exd4 Nd6 32. Rd7 Nf5 33. Rxd5 Rd8 34. Rxd8+ Bxd8 35. d5 Kf8 36. Kf3 Bc7 37. Nc4 Ke7 38. Ke4 g6 39. Nde5 h5 40. Nc6+ Kf6 41. h3 Kg5 42. N6e5 Kf6 43. g4 hxg4 44. hxg4 Bxe5 45. Nxe5 Nd6+ 46. Kd4 Nb5+ 47. Ke4 Nc3+ 48. Kd4 Nb5+ 49. Ke4 Nd6+ 50. Kd4 Nb5+ 1/2-1/2


[Site "https://www.chess.com"]

[Event "Titled Tuesday Blitz June 29 2021"]
[White "QuintilianoR"]
[Black "Oleksandr_Bortnyk"]
[WhiteElo "2666"]
[BlackElo "3012"]
[Result "0-1"]
[Round "03"]
[TimeControl "180+1"]
[Date "2021.06.29"]
[WhiteClock "0:00:27"]
[BlackClock "0:01:11"]

1. d4 d6 2. e4 Nf6 3. Nc3 Nbd7 4. Nf3 e5 5. Bc4 Be7 6. O-O O-O 7. Re1 a6 8. a4 b6 9. h3 Bb7 10. d5 Re8 11. Bg5 Nf8 12. Bf1 Nxd5 13. Nxd5 Bxg5 14. Nxc7 Qxc7 15. Nxg5 h6 16. Nf3 Ne6 17. c3 Rad8 18. Qc2 d5 19. exd5 Bxd5 20. Nd2 a5 21. Bb5 Nd4 22. Qd3 Nxb5 23. Qxb5 Re6 24. Ne4 Bc4 0-1


[Site "https://www.chess.com"]

[Event "Titled Tuesday Blitz June 29 2021"]
[White "Sharpchess22"]
[Black "dmitrijiIM"]
[WhiteElo "2858"]
[BlackElo "2613"]
[Result "1-0"]
[Round "03"]
[TimeControl "180+1"]
[Date "2021.06.29"]
[WhiteClock "0:00:47"]
[BlackClock "0:00:06"]

1. d4 Nf6 2. Bg5 e6 3. e4 h6 4. Bxf6 Qxf6 5. c3 d6 6. Bd3 b6 7. Ne2 Bb7 8. O-O Nd7 9. a4 a5 10. Na3 Qd8 11. f4 Be7 12. e5 O-O 13. Nc4 Ba6 14. Rf3 d5 15. Ne3 Bxd3 16. Qxd3 f5 17. exf6 Nxf6 18. f5 exf5 19. Nf4 Ne4 20. Ne6 Qd7 21. Nxf8 Rxf8 22. c4 dxc4 23. Qxc4+ Kh8 24. Qd5 Qxd5 25. Nxd5 Bd6 26. Re1 Kh7 27. Nxc7 Rc8 28. Rxf5 Ng5 29. Nb5 Bb4 30. Rd1 Ne4 31. Re5 Nd2 32. Re2 Nb3 33. d5 Nc1 34. Re6 Nb3 35. d6 Bc5+ 36. Kh1 Nd4 37. Nxd4 Bxd4 38. d7 Rd8 39. Rxd4 1-0


[Site "https://www.chess.com"]

[Event "Titled Tuesday Blitz June 29 2021"]
[White "Skat2704"]
[Black "Indianlad"]
[WhiteElo "2640"]
[BlackElo "2954"]
[Result "0-1"]
[Round "03"]
[TimeControl "180+1"]
[Date "2021.06.29"]
[WhiteClock "0:01:05"]
[BlackClock "0:01:58"]

1. d4 c5 2. d5 e5 3. c4 d6 4. Nc3 g6 5. e4 Bg7 6. g3 Ne7 7. Bg2 O-O 8. Nge2 f5 9. O-O f4 10. gxf4 Nd7 11. Qd3 a6 12. a4 Kh8 13. Be3 Ng8 14. a5 Ngf6 15. Na4 Nh5 16. fxe5 Nxe5 17. Qc2 Nf3+ 18. Bxf3 Rxf3 19. Ng3 Bh3 20. Rfe1 Qh4 21. Qd2 Raf8 22. Bg5 Qg4 23. Be7 Rxf2 24. Qg5 Bd4 25. Qxg4 Rf1# 0-1


[Site "https://www.chess.com"]